| TOP OF THE 1ST |
|
Portland Beavers batting - Pitching for Tacoma Cubs : RHP Joe Devitt
|
|
Pitching: RHP Joe Devitt
|
|
|
Batting: SHB Wally Backman
|
0-0: Called Strike 0-1: Swinging Strike 0-2: Foul Ball, location: 2F 0-2: Ball 1-2: Ball 2-2: Ground out U3 (Groundball, 3S, EV 79.4 MPH)
|
|
Batting: LHB Mike Gates
|
0-0: Ground out 4-3 (Groundball, 4, EV 104.4 MPH)
|
|
Batting: RHB Martinho Varandas
|
0-0: Foul Ball, location: 2F 0-1: Swinging Strike 0-2: Strikes out swinging
|
| Top of the 1st over - 0 runs, 0 hits, 0 errors, 0 left on base; Portland 0 - Tacoma 0 |
| BOTTOM OF THE 1ST |
|
Tacoma Cubs batting - Pitching for Portland Beavers : RHP Roy Smith
|
|
Pitching: RHP Roy Smith
|
|
|
Batting: RHB Tim Glass
|
0-0: Ball 1-0: Called Strike 1-1: Foul Ball, location: 2F 1-2: Ball 2-2: Strikes out looking
|
|
Batting: RHB Billy Cree
|
0-0: Ball 1-0: Foul Ball, location: 2F 1-1: Swinging Strike 1-2: Ball 2-2: Ball 3-2: Ground out 4-3 (Groundball, 4, EV 90.6 MPH)
|
|
Batting: LHB Willie Gonzalez
|
0-0: Foul Ball, location: 2F 0-1: Ball 1-1: Swinging Strike 1-2: Foul Ball, location: 2F 1-2: Ground out 4-3 (Groundball, 34, EV 103.1 MPH)
|
| Bottom of the 1st over - 0 runs, 0 hits, 0 errors, 0 left on base; Portland 0 - Tacoma 0 |
| TOP OF THE 2ND |
|
Portland Beavers batting - Pitching for Tacoma Cubs : RHP Joe Devitt
|
|
Batting: LHB Harold Baines
|
0-0: Ball 1-0: SINGLE (Line Drive, 6M, EV 96.3 MPH)
|
|
Batting: LHB Andre David
|
0-0: TRIPLE (Line Drive, 8LXD, EV 110.0 MPH) Harold Baines scores
|
|
Batting: RHB Skeeter Barnes
|
0-0: Called Strike 0-1: Ball 1-1: Ball 2-1: Called Strike 2-2: Ball 3-2: Strikes out looking
|
|
Batting: RHB Pepe Mangual
|
0-0: Ball 1-0: Called Strike 1-1: Called Strike 1-2: Foul Ball, location: 2F 1-2: Strikes out looking
|
|
Batting: LHB Pat Sheridan
|
0-0: Ball 1-0: Called Strike 1-1: Ball 2-1: Foul Ball, location: 2F 2-2: Strikes out looking
|
| Top of the 2nd over - 1 run, 2 hits, 0 errors, 1 left on base; Portland 1 - Tacoma 0 |
| BOTTOM OF THE 2ND |
|
Tacoma Cubs batting - Pitching for Portland Beavers : RHP Roy Smith
|
|
Batting: LHB Dan Pasqua
|
0-0: Ball 1-0: Called Strike 1-1: Swinging Strike 1-2: Strikes out looking
|
|
Batting: RHB Marty Castillo
|
0-0: Ball 1-0: Fly out, F9 (Flyball, 9D, EV 103.1 MPH)
|
|
Batting: LHB Thad Bosley
|
0-0: Ball 1-0: Called Strike 1-1: SINGLE (Line Drive, 89M, EV 92.5 MPH)
|
|
Batting: LHB Robert Kraft
|
0-0: Ball 1-0: Ball 2-0: Called Strike 2-1: Ball 3-1: Foul Ball, location: 2F 3-2: Foul Ball, location: 2F 3-2: Foul Ball, location: 2F 3-2: Base on Balls Thad Bosley to second
|
|
Batting: LHB Tom Lombarski
|
0-0: Foul Ball, location: 2F 0-1: Ground out U3 (Groundball, 34, EV 88.8 MPH)
|
| Bottom of the 2nd over - 0 runs, 1 hit, 0 errors, 2 left on base; Portland 1 - Tacoma 0 |
| TOP OF THE 3RD |
|
Portland Beavers batting - Pitching for Tacoma Cubs : RHP Joe Devitt
|
|
Batting: RHB Dave Huppert
|
0-0: Foul Ball, location: 2F 0-1: Foul Ball, location: 2F 0-2: Reached on error, E6 (Groundball, 56, EV 103.8 MPH)
|
|
Batting: SHB Wally Backman
|
0-0: Ball 1-0: Fielders Choice at 2nd, 3-6 (Groundball, 3, EV 91.9 MPH)
|
|
Batting: LHB Mike Gates
|
0-0: Called Strike 0-1: Ball 1-1: Swinging Strike 1-2: Ball 2-2: SINGLE (Groundball, 34D, EV 100.6 MPH) (infield hit) Wally Backman to second
|
|
Batting: RHB Martinho Varandas
|
0-0: Fly out, F4 (Line Drive, 4, EV 60.6 MPH)
|
|
Batting: LHB Harold Baines
|
0-0: Called Strike 0-1: Ball 1-1: Swinging Strike 1-2: Ground out 4-3 (Groundball, 4, EV 96.9 MPH)
|
| Top of the 3rd over - 0 runs, 1 hit, 1 error, 2 left on base; Portland 1 - Tacoma 0 |
| BOTTOM OF THE 3RD |
|
Tacoma Cubs batting - Pitching for Portland Beavers : RHP Roy Smith
|
|
Batting: LHB Bruce Bochte
|
0-0: Ball 1-0: Ball 2-0: Called Strike 2-1: Called Strike 2-2: Strikes out swinging
|
|
Batting: RHB Tim Glass
|
0-0: Called Strike 0-1: Ball 1-1: Ball 2-1: Ground out 6-3 (Groundball, 6, EV 102.5 MPH)
|
|
Batting: RHB Billy Cree
|
0-0: Ball 1-0: Foul Ball, location: 2F 1-1: Called Strike 1-2: Hit by Pitch
|
|
Batting: LHB Willie Gonzalez
|
0-0: Called Strike 0-1: Ball 1-1: Called Strike 1-2: Strikes out looking
|
| Bottom of the 3rd over - 0 runs, 0 hits, 0 errors, 1 left on base; Portland 1 - Tacoma 0 |
| TOP OF THE 4TH |
|
Portland Beavers batting - Pitching for Tacoma Cubs : RHP Joe Devitt
|
|
Batting: LHB Andre David
|
0-0: Ground out U3 (Groundball, 34, EV 86.3 MPH)
|
|
Batting: RHB Skeeter Barnes
|
0-0: Called Strike 0-1: Called Strike 0-2: Ground out U3 (Groundball, 34, EV 81.9 MPH)
|
|
Batting: RHB Pepe Mangual
|
0-0: Called Strike 0-1: Foul Ball, location: 2F 0-2: Ball 1-2: Strikes out looking
|
| Top of the 4th over - 0 runs, 0 hits, 0 errors, 0 left on base; Portland 1 - Tacoma 0 |
| BOTTOM OF THE 4TH |
|
Tacoma Cubs batting - Pitching for Portland Beavers : RHP Roy Smith
|
|
Batting: LHB Dan Pasqua
|
0-0: Swinging Strike 0-1: Swinging Strike 0-2: Strikes out swinging
|
|
Batting: RHB Marty Castillo
|
0-0: Ball 1-0: Foul Ball, location: 2F 1-1: Foul Ball, location: 2F 1-2: Foul Ball, location: 2F 1-2: Strikes out looking
|
|
Batting: LHB Thad Bosley
|
0-0: Ball 1-0: Called Strike 1-1: Ball 2-1: DOUBLE (Line Drive, 7LM, EV 108.1 MPH)
|
|
Batting: LHB Robert Kraft
|
0-0: Fly out, F8 (Flyball, 8LM, EV 89.4 MPH)
|
| Bottom of the 4th over - 0 runs, 1 hit, 0 errors, 1 left on base; Portland 1 - Tacoma 0 |
| TOP OF THE 5TH |
|
Portland Beavers batting - Pitching for Tacoma Cubs : RHP Joe Devitt
|
|
Batting: LHB Pat Sheridan
|
0-0: Ball 1-0: Fly out, F7 (Flyball, 7D, EV 95.6 MPH)
|
|
Batting: RHB Dave Huppert
|
0-0: Called Strike 0-1: Called Strike 0-2: Ball 1-2: SINGLE (Line Drive, 9LS, EV 98.8 MPH)
|
|
Batting: SHB Wally Backman
|
0-0: Called Strike 0-1: Foul Ball, location: 2F 0-2: Ball 1-2: Foul Ball, location: 2F 1-2: Fielders Choice at 2nd, 1-4 (Groundball, 15S, EV 65.0 MPH)
|
|
Batting: LHB Mike Gates
|
0-0: Ball 1-0: Ball 2-0: Ground out 4-3 (Groundball, 4, EV 84.4 MPH)
|
| Top of the 5th over - 0 runs, 1 hit, 0 errors, 1 left on base; Portland 1 - Tacoma 0 |
| BOTTOM OF THE 5TH |
|
Tacoma Cubs batting - Pitching for Portland Beavers : RHP Roy Smith
|
|
Batting: LHB Tom Lombarski
|
0-0: Foul Ball, location: 2F 0-1: Ball 1-1: Swinging Strike 1-2: Ball 2-2: Strikes out swinging
|
|
Batting: LHB Bruce Bochte
|
0-0: Ball 1-0: Ground out 6-3 (Groundball, 6MD, EV 98.8 MPH)
|
|
Batting: RHB Tim Glass
|
0-0: SOLO HOME RUN (Flyball, 7LD, EV 98.8 MPH), Distance : 356 ft
|
|
Batting: RHB Billy Cree
|
0-0: Ball 1-0: Ground out 1-3 (Groundball, 13S, EV 63.8 MPH)
|
| Bottom of the 5th over - 1 run, 1 hit, 0 errors, 0 left on base; Portland 1 - Tacoma 1 |
| TOP OF THE 6TH |
|
Portland Beavers batting - Pitching for Tacoma Cubs : RHP Joe Devitt
|
|
Batting: RHB Martinho Varandas
|
0-0: Called Strike 0-1: Ball 1-1: Foul Ball, location: 2F 1-2: Strikes out swinging
|
|
Batting: LHB Harold Baines
|
0-0: SINGLE (Groundball, 6MD, EV 102.5 MPH)
|
|
Batting: LHB Andre David
|
0-0: Called Strike 0-1: Swinging Strike 0-2: Ball 1-2: Ball 2-2: Foul Ball, location: 2F 2-2: Strikes out swinging
|
|
Batting: RHB Skeeter Barnes
|
0-0: Swinging Strike 0-1: Hit by Pitch Harold Baines to second
|
|
Batting: RHB Pepe Mangual
|
0-0: Called Strike 0-1: Ball 1-1: Ball 2-1: Foul Ball, location: 2F 2-2: Strikes out swinging
|
| Top of the 6th over - 0 runs, 1 hit, 0 errors, 2 left on base; Portland 1 - Tacoma 1 |
| BOTTOM OF THE 6TH |
|
Tacoma Cubs batting - Pitching for Portland Beavers : RHP Roy Smith
|
|
Batting: LHB Willie Gonzalez
|
0-0: Ball 1-0: Called Strike 1-1: Ball 2-1: SINGLE (Line Drive, 9LS, EV 91.9 MPH)
|
|
Batting: LHB Dan Pasqua
|
0-0: Called Strike 0-1: Called Strike 0-2: Strikes out swinging
|
|
Batting: RHB Marty Castillo
|
0-0: Ball 1-0: Ball 2-0: Called Strike 2-1: Foul Ball, location: 2F 2-2: Foul Ball, location: 2F 2-2: Ball 3-2: Foul Ball, location: 2F 3-2: Foul Ball, location: 2F 3-2: Foul Ball, location: 2F 3-2: Fly out, F2 (Popup, 2RF, EV 86.9 MPH)
|
|
Batting: LHB Thad Bosley
|
0-0: Ball 1-0: Called Strike 1-1: Swinging Strike 1-2: Strikes out looking
|
| Bottom of the 6th over - 0 runs, 1 hit, 0 errors, 1 left on base; Portland 1 - Tacoma 1 |
| TOP OF THE 7TH |
|
Portland Beavers batting - Pitching for Tacoma Cubs : RHP Joe Devitt
|
|
Batting: LHB Pat Sheridan
|
0-0: Called Strike 0-1: Ball 1-1: Ball 2-1: Ball 3-1: Fly out, F9 (Flyball, 9LM, EV 98.1 MPH)
|
|
Batting: RHB Dave Huppert
|
0-0: Called Strike 0-1: Swinging Strike 0-2: Strikes out swinging
|
|
Batting: SHB Wally Backman
|
0-0: Fly out, F9 (Flyball, 89M, EV 91.3 MPH)
|
| Top of the 7th over - 0 runs, 0 hits, 0 errors, 0 left on base; Portland 1 - Tacoma 1 |
| BOTTOM OF THE 7TH |
|
Tacoma Cubs batting - Pitching for Portland Beavers : RHP Roy Smith
|
|
Batting: LHB Robert Kraft
|
0-0: Foul Ball, location: 2F 0-1: Ball 1-1: Ground out 6-3 (Groundball, 56, EV 88.1 MPH)
|
|
Batting: LHB Tom Lombarski
|
0-0: Ball 1-0: Ball 2-0: Fly out, F7 (Flyball, 7LS, EV 88.1 MPH)
|
|
Batting: LHB Bruce Bochte
|
0-0: Ball 1-0: Ball 2-0: Ball 3-0: Called Strike 3-1: Foul Ball, location: 2F 3-2: Base on Balls
|
|
Batting: RHB Tim Glass
|
0-0: Ball 1-0: Ball 2-0: Ball 3-0: Called Strike 3-1: Called Strike 3-2: 2-RUN HOME RUN (Flyball, 78XD, EV 88.8 MPH), Distance : 421 ft
|
|
Batting: RHB Billy Cree
|
0-0: Called Strike 0-1: Ground out 6-3 (Groundball, 6, EV 87.5 MPH)
|
| Bottom of the 7th over - 2 runs, 1 hit, 0 errors, 0 left on base; Portland 1 - Tacoma 3 |
| TOP OF THE 8TH |
|
Portland Beavers batting - Pitching for Tacoma Cubs : RHP Joe Devitt
|
|
Batting: LHB Mike Gates
|
0-0: Foul Ball, location: 2F 0-1: Ground out 4-3 (Groundball, 34D, EV 108.8 MPH)
|
|
Batting: RHB Martinho Varandas
|
0-0: Called Strike 0-1: Ground out 1-3 (Groundball, 15S, EV 68.8 MPH)
|
|
Batting: LHB Harold Baines
|
0-0: Called Strike 0-1: Ground out 4-3 (Groundball, 4M, EV 89.4 MPH)
|
| Top of the 8th over - 0 runs, 0 hits, 0 errors, 0 left on base; Portland 1 - Tacoma 3 |
| BOTTOM OF THE 8TH |
|
Tacoma Cubs batting - Pitching for Portland Beavers : RHP Roy Smith
|
|
Batting: LHB Willie Gonzalez
|
0-0: Foul Ball, location: 2F 0-1: Ball 1-1: Foul Ball, location: 2F 1-2: Foul Ball, location: 2F 1-2: Ground out 5-3 (Groundball, 56, EV 106.9 MPH)
|
|
Pitching: RHP Luis Leal
|
|
|
Batting: LHB Dan Pasqua
|
0-0: Called Strike 0-1: Swinging Strike 0-2: Strikes out swinging
|
|
Batting: RHB Marty Castillo
|
0-0: Ball 1-0: Ball 2-0: Ball 3-0: Called Strike 3-1: Ground out U3 (Groundball, 34, EV 89.4 MPH)
|
| Bottom of the 8th over - 0 runs, 0 hits, 0 errors, 0 left on base; Portland 1 - Tacoma 3 |
| TOP OF THE 9TH |
|
Portland Beavers batting - Pitching for Tacoma Cubs : RHP Joe Devitt
|
|
Pitching: RHP Paul Thormodsgard
|
|
|
Batting: LHB Andre David
|
0-0: Ball 1-0: Ball 2-0: SINGLE (Groundball, 6D, EV 97.5 MPH)
|
|
Batting: RHB Skeeter Barnes
|
0-0: Grounds into double play, 6-4-3 (Groundball, 6M, EV 104.4 MPH)
|
|
Batting: RHB Pepe Mangual
|
0-0: Ball 1-0: Called Strike 1-1: Foul Ball, location: 2F 1-2: Strikes out looking
|
| Top of the 9th over - 0 runs, 1 hit, 0 errors, 0 left on base; Portland 1 - Tacoma 3 |
|